 Dungeon Crawl Stone Soup version 0.29.1-14-g9c671dbff4 (webtiles) character file.

Game seed: 15381226561738060825

87986 leafyfresh the Spry (level 16, -6/128 HPs)
             Began as a Djinni Ice Elementalist on Feb 17, 2023.
             Was a Priest of Ashenzari.
             Killed from afar by a deep elf zephyrmancer (24 damage)
             ... with a bolt of lightning
             ... on level 1 of the Elven Halls.
             The game lasted 01:58:50 (23636 turns).

leafyfresh the Spry (Djinni Ice Elementalist)      Turns: 23636, Time: 01:58:51

Health: -6/128     AC: 11    Str:  7    XL:     16   Next: 39%
Gold:   172        EV: 25    Int: 26    God:    Ashenzari [***...] SH:  2 Dex: 16

rFire   + + +      SeeInvis +   u - +9 falchion "Relativism of Ashenzari" {freeze, rPois rCorr Int+3 Stlth+, Melee, Range} (curse)
rCold   . . .      Faith    .   (no shield)
rNeg    . . .      Spirit   .   M - +2 robe of Curses and Power {rC+ rF+, Fort, Melee} (curse)
rPois   ∞          Reflect  .   T - +1 hat
rElec   .          Harm     .   Z - +2 cloak of the Thief {*Fog Slay-2 SInv Stlth+, Melee, Self} (curse)
rCorr   +          Rampage  .   b - +0 pair of gloves "Circumscribed With Me" {Melee, Cun} (curse)
Will    +....      Clarity  +   (boots unavailable)
Stlth   ++++++++..              h - amulet of the acrobat
HPRegen 0.31/turn               K - ring of the Octopus King {Wiz HP+2 AC+2 EV+2 SH+2}
MPRegen 0.00/turn               l - ring of resist corrosion

@: flying, studying Fighting
A: sickness immunity, fire resistance 2, cold vulnerability 1, float, innate
caster, HP casting, extra vitality 1
a: Renounce Religion, Curse Item, Shatter the Chains


You were on level 1 of the Elven Halls.
You worshipped Ashenzari.
Ashenzari was most pleased with you.
You visited 5 branches of the dungeon, and saw 20 of its levels.
You also visited: Ossuary and Volcano.

You collected 2353 gold pieces.
You spent 2181 gold pieces at shops.

Inventory:

Hand Weapons
 u - the cursed +9 falchion "Relativism of Ashenzari" (weapon) {freeze, rPois rCorr Int+3 Stlth+, Melee, Range}
   (You found it on level 9 of the Dungeon)

   It freezes those it strikes, dealing additional cold damage.
   It can also slow down cold-blooded creatures.
   Int:       It affects your intelligence (+3).
   rPois:     It protects you from poison.
   rCorr:     It protects you from acid and corrosion.
   Stlth:     It makes you more stealthy.
   It has a curse which improves the following skills: Melee Combat: Short
   Blades, Long Blades, Axes, Maces & Flails, Polearms, Staves and Unarmed
   Combat.
   Ranged Combat: Ranged Weapons and Throwing.
 z - a +4 quarterstaff of chaos
Armour
 b - the cursed +0 pair of gloves "Circumscribed With Me" (worn) {Melee, Cun}
   (You found it on level 3 of the Lair of Beasts)

   It has a curse which improves the following skills: Melee Combat: Short
   Blades, Long Blades, Axes, Maces & Flails, Polearms, Staves and Unarmed
   Combat.
   Cunning:   Dodging and Stealth.
 i - a +2 helmet of intelligence
 M - the cursed +2 robe of Curses and Power (worn) {rC+ rF+, Fort, Melee}
   (You took it off Pikel on level 5 of the Dungeon)

   It has a curse which improves the following skills: Fortitude: Armour and
   Shields.
   Melee Combat: Short Blades, Long Blades, Axes, Maces & Flails, Polearms,
   Staves and Unarmed Combat.
 R - a +2 robe of willpower
 T - a +1 hat (worn)
 U - +3 steam dragon scales
 X - +0 fire dragon scales
 Y - a +0 leather armour of fire resistance
 Z - the cursed +2 cloak of the Thief (worn) {*Fog Slay-2 SInv Stlth+, Melee, Self}
   (You found it in a volcano)

   It may release a thick cloud of smoke when the wearer is hurt.
   Slay:      It affects your accuracy & damage with ranged weapons and melee
   (-2).
   SInv:      It lets you see invisible.
   Stlth:     It makes you more stealthy.
   It has a curse which improves the following skills: Melee Combat: Short
   Blades, Long Blades, Axes, Maces & Flails, Polearms, Staves and Unarmed
   Combat.
   Introspection: Fighting and Spellcasting.
Jewellery
 g - an amulet of reflection
 h - an amulet of the acrobat (around neck)
 l - a ring of resist corrosion (right hand)
 m - an amulet of reflection
 w - a ring of positive energy
 A - a +6 ring of strength
 B - a ring of ice
 G - an amulet of regeneration
 K - a ring of the Octopus King (left hand) {Wiz HP+2 AC+2 EV+2 SH+2}
   (You bought it in a shop on level 2 of the Orcish Mines)

   [ring of wizardry]

   It improves your spell success rate.
   AC:        It affects your AC (+2).
   EV:        It affects your evasion (+2).
   HP:        It affects your health (+2).
   SH:        It affects your SH (+2).
Wands
 c - a wand of mindburst (9)
 o - a wand of flame (12)
 v - a wand of digging (9)
 x - a wand of roots (6)
Scrolls
 e - 4 scrolls of poison
 j - 9 scrolls of teleportation
 n - 2 scrolls of blinking
 p - a scroll of enchant armour
 q - 2 scrolls of brand weapon
 y - 2 scrolls of summoning
 C - 3 scrolls of butterflies
 D - 2 scrolls of magic mapping
 E - a scroll of fear
 V - 3 scrolls of enchant weapon
Potions
 d - 3 potions of cancellation
 f - 5 potions of mutation
 k - 4 potions of haste
 r - 8 potions of curing
 s - 3 potions of might
 t - 5 potions of heal wounds
 H - 6 potions of brilliance
 I - 3 potions of invisibility
 J - 3 potions of berserk rage
 W - 2 potions of resistance
Miscellaneous
 a - a piece from Xom's chessboard (15/15)
 N - a tin of tremorstones (2/2)


   Skills:
 + Level 13.9(15.4) Fighting
 - Level 17.6(19.0) Dodging
 - Level 14.5(16.0) Stealth
 - Level 4.4(5.9) Shields
 - Level 13.4(15.0) Spellcasting


You had 9 spell levels left.
You knew the following spells:

 Your Spells              Type           Power      Damage    Failure   Level
a - Freeze                Ice            100%       1d11      0%          1
b - Frozen Ramparts       Ice            100%       1d16      0%          3
c - Ozocubu's Armour      Ice            78%        N/A       0%          3
d - Hailstorm             Conj/Ice       78%        3d16      1%          4
e - Slow                  Hex            100%       N/A       0%          1
f - Static Discharge      Conj/Air       78%        3-13/arc  0%          2
g - Dazzling Flash        Conj/Hex       100%       N/A       0%          3
h - Call Canine Familiar  Summ           78%        N/A       0%          3
i - Freezing Cloud        Conj/Ice/Air   39%        6-21      1%          5
j - Borgnjor's Vile Clut  Necr/Erth      39%        N/A       1%          5
k - Conjure Ball Lightni  Conj/Air       39%        3x3d13    1%          6
Your spell library was empty.

Dungeon Overview and Level Annotations

Branches:
Dungeon (11/15)            Temple (1/1) D:6            Lair (5/5) D:9
  Swamp (0/4) Lair:2        Snake (0/4) Lair:2        Slime (0/5) Lair:4
    Orc (2/2) D:11            Elf (1/3) Orc:2       Ossuary (visited)
Volcano (visited)

Altars:
Ashenzari
Cheibriados
Dithmenos
Elyvilon
Fedhas
Gozag
Hepliaklqana
Makhleb
Nemelex Xobeh
Okawaru
Qazlal
Ru
Trog
Uskayaw
Wu Jian
Xom
Yredelemnul
Zin
The Shining One
Jiyva

Shops:
D:5 *   D:6 :   Orc:2 *[!?(:=*(   Elf:1 :=:

Portals:
Ice
Cave: Elf:1

Annotations:
Lair:3 1 runed translucent door, Huasawuy's ghost, journeyman TrHW


Innate Abilities, Weirdness & Mutations

You are immune to sickness and miasma.
You are immune to poison.
Your flesh is very heat resistant. (rF++)
You are vulnerable to cold. (rC-)
You float through the air rather than walking.
You learn spells naturally, not from books.
Your magical power is your life essence.
You have superior vitality. (+4 MHP)


Message History

* * * LOW HITPOINT WARNING * * *
3 ball lightnings come into view.
Unknown command.
Blink to where?
Press: ? - help, Dir - move target
As you read the scroll of blinking, it crumbles to dust.
You hear a clap of thunder!
Unknown command.
You reach down and close the door.
Unknown command.
There is an empty arch of ancient stone here.
You see here 4 stones.
You start resting.
A deep elf zephyrmancer is nearby!
A deep elf zephyrmancer is nearby!
Casting: Conjure Ball Lightning (mildly dangerous; 1% risk of failure)
Confirm with . or Enter, or press ? or * to list all spells.
Okay, then.
Casting: Conjure Ball Lightning (mildly dangerous; 1% risk of failure)
Confirm with . or Enter, or press ? or * to list all spells.
You create some ball lightning!
* * * LOW HITPOINT WARNING * * *
3 ball lightnings come into view.
The deep elf zephyrmancer barely misses your ball lightning.
Unknown command.
Blink to where?
Press: ? - help, Dir - move target
As you read the scroll of blinking, it crumbles to dust.
Your ball lightning explodes!
The blast of lightning engulfs your ball lightning.
Your ball lightning completely resists.
The blast of lightning engulfs the deep elf zephyrmancer!!
The deep elf zephyrmancer is severely wounded.
The blast of lightning engulfs your ball lightning.
Your ball lightning completely resists.
The deep elf zephyrmancer casts a spell at you.
The bolt of lightning hits your ball lightning.
Your ball lightning completely resists.
The bolt of lightning hits you!!
You die...

##.# ##.###.# #.# ##.## #.### #.#
##.## #.(.## #.# ##.## #.#..# #.#
##.## #....## #.## #.## ##..#..##
##..# ### ##..#.#..# ##..##♣♣♣♣♣
#..#.∩.#.. ##..##♣♣..@♣♣
###...#.#... #...#♣♣..∩..♣♣
#......#....
#######...#♣.∩...∩.♣##.....)....#
......'...#♣.*.*...♣#'......(..##
#######...#♣.§(....♣##.........#
,** #...#♣♣♣♣e♣♣♣♣ #.........#
*,** ##..#####.## ###.(...###
**,** ##.......+## #.....# **,**
##.>...##.## ###)###


You could see a deep elf zephyrmancer (ally target) and 2 friendly ball
lightnings.

Vanquished Creatures
  A deep elf death mage (Elf:1)
  2 fire dragons
  4 ogre magi (Orc:2)
  2 boulder beetles
  4 hydras
  Erica (D:10)
  21 two-headed ogres
  17 death yaks
  Urug (Lair:1)
  2 deep elf knights (Elf:1)
  A deep elf archer (Elf:1)
  7 deep elf pyromancers (Elf:1)
  Pikel (D:5)
  2 orc knights
  6 lindwurms
  4 deep elf zephyrmancers (Elf:1)
  2 orc sorcerers
  An ugly thing (D:7)
  A cyclops (D:11)
  An oklob plant (Lair:2)
  2 molten gargoyles (Lair:5)
  9 elephants
  11 black mambas
  A smoke demon (Volcano)
  A torpor snail (Lair:3)
  A gargoyle (D:11)
  Maggie (D:7)
  14 cane toads
  13 komodo dragons
  2 rime drakes (Lair:5)
  3 trolls
  4 hornets
  3 dream sheep (Lair:3)
  8 blink frogs
  Sigmund (D:2)
  2 shadows (D:11)
  11 wyverns
  A water elemental (Elf:1)
  An air elemental (Elf:1)
  A vampire (D:11)
  33 yaks
  Eustachio (D:5)
  A fire elemental (Elf:1)
  4 steam dragons
  Grum (D:9)
  6 basilisks
  4 wargs
  Menkaure (D:7)
  A two-headed ogre zombie (D:11)
  2 swamp worms (D:10)
  2 acid dragons (D:9)
  18 water moccasins
  Duvessa (D:7)
  6 hell hounds
  3 sky beasts
  17 orc warriors
  3 black bears
  10 wolves
  31 ogres
  3 lemures (D:5)
  4 centaurs
  2 phantoms (D:11)
  Blork the orc (D:6)
  10 bullfrogs
  3 kobold brigands
  A necrophage (D:5)
  A gnoll sergeant (D:8)
  12 scorpions
  2 troll zombies (D:11)
  16 killer bees (D:9)
  4 howler monkeys
  8 electric eels
  4 lava snakes (Lair:5)
  4 centaur zombies (Ossuary)
  Crazy Yiuf (D:3)
  5 hounds
  A jelly (D:6)
  2 iguanas
  9 orc priests
  6 human zombies (Ossuary)
  4 scorpion zombies (Ossuary)
  Terence (D:2)
  Ijyb (D:5)
  Natasha (twice) (D:4)
  20 orc wizards
  An ogre zombie (D:11)
  3 mummies (Ossuary)
  6 adders
  4 gnolls
  A shadow imp (D:7)
  3 white imps
  2 ufetubi
  2 worms
  3 dart slugs
  52 orcs
  9 endoplasms
  7 giant cockroaches
  2 gnoll zombies (Ossuary)
  8 goblins
  11 hobgoblins
  5 jackals
  15 kobolds
  6 quokkas
  11 ball pythons
  5 bats
  5 frilled lizards
  2 goblin skeletons (D:11)
  4 goblin zombies
  7 hobgoblin zombies
  4 orc skeletons (D:11)
  12 orc zombies
  3 rats
636 creatures vanquished.

Vanquished Creatures (collateral kills)
  A lindwurm (Volcano)
  A hornet (Lair:2)
  A wraith (D:11)
  An ice beast (D:6)
  A bullfrog (D:9)
  A killer bee (D:9)
  Dowan (D:7)
  2 troll zombies (D:11)
  A howler monkey (D:6)
  A lava snake (Lair:5)
  An orc priest (D:9)
  2 ogre zombies (D:11)
  2 white imps
  An orc (D:10)
  A hobgoblin zombie (D:11)
  2 orc zombies (D:11)
  A ball lightning (Elf:1)
21 creatures vanquished.

Vanquished Creatures (others)
  A deep elf knight (Elf:1)
  11 ball lightnings
  17 fungi
  74 plants
103 creatures vanquished.

Grand Total: 760 creatures vanquished

Notes
Turn   | Place    | Note
-------+----------+-------------------------------------------
     0 | D:1      | leafyfresh the Djinni Ice Elementalist began the quest for
                  | the Orb.
     0 | D:1      | leafyfresh set off with the following spells memorised:
                  | Freeze, Frozen Ramparts, Ozocubu's Armour, Hailstorm.
     0 | D:1      | Reached XP level 1. HP: 15/15 MP: 0/0
   422 | D:1      | Reached XP level 2. HP: 19/21 MP: 0/0
   780 | D:1      | You are sucked into a shaft and drop 1 floor!
   937 | D:1      | Found a faded altar of an unknown god.
  1069 | D:1      | Reached skill level 3 in Dodging
  1069 | D:1      | Reached XP level 3. HP: 17/25 MP: 0/0
  1069 | D:1      | Learned a level 1 spell: Slow
  1923 | D:2      | Noticed Sigmund
  2145 | D:2      | Noticed Terence
  2334 | D:2      | Killed Terence
  2335 | D:2      | Reached XP level 4. HP: 10/31 MP: 0/0
  2780 | D:2      | Killed Sigmund
  2781 | D:2      | Reached skill level 5 in Dodging
  2781 | D:2      | Reached XP level 5. HP: 17/35 MP: 0/0
  2781 | D:2      | Learned a level 2 spell: Static Discharge
  2781 | D:2      | Reached XP level 6. HP: 19/40 MP: 0/0
  3448 | D:3      | Found a white marble altar of Elyvilon.
  3587 | D:3      | Reached XP level 7. HP: 45/45 MP: 0/0
  3587 | D:3      | Learned a level 3 spell: Dazzling Flash
  3652 | D:3      | Found a runed translucent door.
  3653 | D:3      | Noticed Crazy Yiuf
  4056 | D:3      | Killed Crazy Yiuf
  4149 | D:4      | Reached skill level 5 in Spellcasting
  4151 | D:4      | Reached skill level 6 in Dodging
  4230 | D:4      | Found a sacrificial altar of Ru.
  4280 | D:4      | Noticed Natasha
  4288 | D:4      | Killed Natasha
  4649 | D:4      | Noticed Natasha
  4770 | D:4      | Killed Natasha
  4929 | D:4      | Found an iron altar of Okawaru.
  5166 | D:5      | Entered Level 5 of the Dungeon
  5172 | D:5      | Identified a scroll of acquirement
  5176 | D:5      | Acquired a manual of Spellcasting
  5229 | D:5      | Noticed Ijyb
  5235 | D:5      | Killed Ijyb
  5236 | D:5      | Reached XP level 8. HP: 19/50 MP: 0/0
  5275 | D:5      | Noticed Pikel
  5364 | D:5      | Found a sand-covered staircase.
  5386 | Ossuary  | Entered an ossuary
  5943 | Ossuary  | Reached XP level 9. HP: 28/55 MP: 0/0
  5943 | Ossuary  | Learned a level 3 spell: Call Canine Familiar
  5982 | Ossuary  | Reached skill level 1 in Fighting
  6022 | Ossuary  | Reached skill level 7 in Dodging
  6292 | D:5      | Found Vuarits's Gadget Gallery.
  6323 | D:5      | Found a shadowy altar of Dithmenos.
  6373 | D:5      | Noticed Eustachio
  6378 | D:5      | Killed Eustachio
  6638 | D:5      | Killed Pikel
  6639 | D:5      | Reached skill level 10 in Spellcasting
  7201 | D:6      | Reached skill level 8 in Dodging
  7351 | D:6      | Found Sappu's Book Shop.
  7580 | D:6      | Reached XP level 10. HP: 59/68 MP: 0/0
  7585 | D:6      | Noticed Blork the orc
  7590 | D:6      | Killed Blork the orc
  7642 | D:6      | Found a staircase to the Ecumenical Temple.
  7703 | Temple   | Entered the Ecumenical Temple
  7747 | Temple   | Became a worshipper of Ashenzari the Shackled
  8162 | D:7      | Noticed Maggie
  8285 | D:7      | Reached skill level 9 in Dodging
  8363 | D:7      | Found a blossoming altar of Fedhas.
  8526 | D:7      | Noticed Dowan
  8535 | D:7      | Killed Dowan
  8546 | D:7      | Noticed Duvessa
  8553 | D:7      | Killed Duvessa
  8946 | D:7      | Noticed a brown ugly thing
  8946 | D:7      | Noticed Menkaure
  8956 | D:7      | Killed a brown ugly thing
  8956 | D:7      | Killed Menkaure
  9103 | D:7      | Reached skill level 10 in Dodging
  9300 | D:8      | Noticed a two-headed ogre
  9320 | D:8      | Killed a two-headed ogre
  9321 | D:8      | Reached skill level 5 in Fighting
  9388 | D:8      | Reached XP level 11. HP: 59/76 MP: 0/0
  9388 | D:8      | Learned a level 5 spell: Freezing Cloud
  9403 | D:8      | Reached * piety under Ashenzari
  9691 | D:9      | Noticed Grum
  9695 | D:9      | Killed Grum
  9697 | D:9      | Reached skill level 11 in Dodging
 10013 | D:9      | Reached ** piety under Ashenzari
 10028 | D:9      | Found an opulent altar of Gozag.
 10061 | D:9      | Found a staircase to the Lair.
 10211 | D:9      | Noticed an eight-headed hydra
 10215 | D:9      | Killed an eight-headed hydra
 10217 | D:9      | Reached skill level 12 in Dodging
 10220 | D:9      | Noticed a two-headed ogre
 10237 | D:9      | Killed a two-headed ogre
 10365 | D:9      | Noticed a boulder beetle
 10372 | D:9      | Killed a boulder beetle
 10492 | D:9      | Found a burning altar of Makhleb.
 10492 | D:9      | Noticed a cacodemon
 10536 | D:9      | Reached XP level 12. HP: 80/88 MP: 0/0
 10576 | D:9      | Identified the +9 falchion of the Eight Demons {freeze,
                  | rPois rCorr Int+3 Stlth+}
 10917 | D:10     | Entered Level 10 of the Dungeon
 10994 | D:10     | Noticed a two-headed ogre
 11001 | D:10     | Killed a two-headed ogre
 11002 | D:10     | Reached skill level 13 in Dodging
 11122 | D:10     | Reached *** piety under Ashenzari
 11168 | D:10     | Noticed a two-headed ogre
 11172 | D:10     | Killed a two-headed ogre
 11665 | D:10     | Noticed Erica
 11765 | D:10     | Killed Erica
 11766 | D:10     | Reached skill level 10 in Fighting
 12441 | D:7      | Killed Maggie
 13578 | Lair:1   | Entered Level 1 of the Lair of Beasts
 13621 | Lair:1   | Reached skill level 14 in Dodging
 13764 | Lair:1   | Reached **** piety under Ashenzari
 13837 | Lair:1   | Found a hazy altar of Hepliaklqana.
 14295 | Lair:1   | Noticed Urug
 14318 | Lair:2   | Reached XP level 13. HP: 50/97 MP: 0/0
 14318 | Lair:2   | Learned a level 5 spell: Borgnjor's Vile Clutch
 14384 | Lair:2   | Noticed a boulder beetle
 14394 | Lair:2   | Killed a boulder beetle
 14493 | Lair:2   | Found a staircase to the Swamp.
 14604 | Lair:2   | Found a dark tunnel.
 14608 | Lair:2   | Reached skill level 1 in Shields
 14616 | Volcano  | Entered a volcano
 14694 | Volcano  | Reached skill level 15 in Dodging
 14799 | Volcano  | Found the +2 cloak of the Thief {*Fog Slay-2 SInv Stlth+}
 14799 | Volcano  | Noticed a fire dragon
 14805 | Volcano  | Killed a fire dragon
 14863 | Volcano  | Reached ***** piety under Ashenzari
 15133 | Lair:2   | Found a staircase to the Snake Pit.
 15309 | Lair:2   | Reached skill level 5 in Stealth
 15730 | Lair:3   | Acquired a manual of Stealth
 15855 | Lair:3   | Noticed a six-headed hydra
 15861 | Lair:3   | Killed a six-headed hydra
 15977 | Lair:3   | Found a runed translucent door.
 15982 | Lair:3   | Noticed Huasawuy's ghost (journeyman TrHW)
 16008 | Lair:3   | Reached XP level 14. HP: 86/110 MP: 0/0
 16026 | Lair:3   | Reached skill level 10 in Stealth
 17563 | Lair:4   | Found a staircase to the Slime Pits.
 17564 | Lair:4   | Found a viscous altar of Jiyva.
 17650 | Lair:5   | Entered Level 5 of the Lair of Beasts
 17829 | Lair:5   | Found a large runed translucent door.
 17830 | Lair:5   | Found a large runed translucent door.
 17873 | Lair:5   | Reached skill level 16 in Dodging
 18222 | Lair:5   | Reached XP level 15. HP: 91/115 MP: 0/0
 18222 | Lair:5   | Learned a level 6 spell: Conjure Ball Lightning
 19306 | Lair:1   | Killed Urug
 20373 | D:11     | Found a staircase to the Orcish Mines.
 21046 | Orc:1    | Entered Level 1 of the Orcish Mines
 21046 | Orc:1    | Found an iron altar of Okawaru.
 21367 | Orc:1    | Reached skill level 17 in Dodging
 21967 | Orc:2    | Entered Level 2 of the Orcish Mines
 22037 | Orc:2    | Found Wuikalir's Antique Weapon Emporium.
 22037 | Orc:2    | Found Bibledil's Distillery.
 22120 | Orc:2    | Found Moloazat's Armour Shoppe.
 22587 | Orc:2    | Reached XP level 16. HP: 118/123 MP: 0/0
 22588 | Orc:2    | Paralysed by an orc sorcerer for 4 turns
 22770 | Orc:2    | Found Vuydeux's Jewellery Emporium.
 22770 | Orc:2    | Found Hiparel's Weapon Shop.
 22770 | Orc:2    | Found Zoysek's Book Boutique.
 22770 | Orc:2    | Found Ris Qytzid's General Store.
 22786 | Orc:2    | Bought an amulet of regeneration for 420 gold pieces
 22786 | Orc:2    | Bought a ring of the Octopus King {Wiz HP+2 AC+2 EV+2 SH+2}
                  | for 929 gold pieces
 22786 | Orc:2    | Found the ring of the Octopus King {Wiz HP+2 AC+2 EV+2
                  | SH+2}
 22864 | Orc:2    | Found Siepeos's General Store.
 22910 | Orc:2    | Found Maneokell's Magic Scroll Emporium.
 22918 | Orc:2    | Bought a scroll of acquirement for 832 gold pieces
 22918 | Orc:2    | Acquired a manual of Fighting
 22946 | Orc:2    | Found a staircase to the Elven Halls.
 23207 | Elf:1    | Entered Level 1 of the Elven Halls
 23324 | Elf:1    | Found Texzuhonk's Book Shop.
 23326 | Elf:1    | Found Ylejaost's Jewellery Shoppe.
 23327 | Elf:1    | Found Meinunwe's Book Shop.
 23489 | Elf:1    | Found a frozen archway.
 23636 | Elf:1    | Killed from afar by a deep elf zephyrmancer

Illustrated notes

Levels and vault maps discovered:
D:1:      tarquinn_simple_flora_water_e, layout_basic,
          ebering_ecumenical_altar_rust, dk_noncrumbling_4, minmay_heptomino_l4
D:2:      minmay_chambers_of_ones, layout_rooms, minmay_misc_feat_nine_boxes,
          minmay_divided_ellipse, uniq_sigmund, uniq_terence
D:3:      layout_loops_ring, mainiacjoe_overflow_small_starburst, st_stairs_7,
          kennysheep_generic_room_15, uniq_crazy_yiuf_cottage
D:4:      layout_rooms, lemuel_doored_altar,
          nicolae_ru_great_annihilating_truth, uniq_natasha
D:5:      layout_basic, led_sif_book, nicolae_overflow_crystal_walls,
          vehumet_crystals, nicolae_ossuary_entry_ruins, nicolae_shop_gadgets,
          uniq_pikel, uniq_eustachio, uniq_ijyb
D:6:      wad_lake_hut, layout_gridville, minmay_temple_entry_hall,
          serial_shops, shop_statue, uniq_blork_the_orc
D:7:      cheibrodos_two_vegetables, layout_loops_cross,
          fedhas_altar_fruit_tree, minmay_misc_feat_x, uniq_maggie,
          uniq_duvessa, uniq_menkaure
D:8:      layout_rooms
D:9:      layout_loops_ring, makhleb_altar_promises_db,
          nicolae_gozag_seed_capital, david_lair_shrubbed, nzn_random_ring,
          uniq_grum
D:10:     layout_small_grid, worms_lemuel, uniq_erica
D:11:     layout_basic, zombieorc2_lemuel
Temple:   nicolae_temple_ecumenical_triangle
Lair:1:   beast_lair_carwin_large_1, layout_cave_pods, basic_altar,
          minmay_hedge_maze, serial_bayou_shore_a, grunt_megastairs_5, uniq_urug
Lair:2:   layout_roguey, swamp_mist, minmay_snake_entry_six_corridors,
          nicolae_volcano_entry_vermiform
Lair:3:   layout_chaotic_city, ebering_ghost_inner_flame, serial_bayou_pond_a,
          minivault_26
Lair:4:   layout_roguey, dpeg_slime_entry_corner, beast_lair_carwin_10,
          lemuel_fruit_fields, lemuel_fruit_tree, serial_bayou_shore_b
Lair:5:   cheibrodos_lair_end_hotspot, layout_cave_pods
Orc:1:    layout_caves, okawaru_metal_pillars_1_2
Orc:2:    st_orc_ogre_mass, layout_caves, serial_shops, nicolae_lakefront_shop,
          shop_fountains, shop_statue, nicolae_shop_waterfront,
          nicolae_shop_trees, abandoned_shop, nicolae_orc_lost_temple
Elf:1:    eino_elf_arrival_sip, layout_geoelf_grid,
          portal_ice_cave_entry_pillars_2, serial_shops,
          nicolae_shop_statue_plus, special_room [special_room_orc],
          hangedman_corner_corridor, minmay_shop_grove

Skill      XL: |  1  2  3  4  5  6  7  8  9 10 11 12 13 14 15 16 |
---------------+-------------------------------------------------+-----
Dodging        | 3 5 6 8 10 12 14 15 16 17 | 17.6
Spellcasting   | 4 5 9 10 11 12 13 | 13.4
Fighting       | 4 5 8 10 11 13 | 13.9
Stealth        | 3 7 13 14 | 14.5
Shields        | 4 |  4.4

Action                   |  1- 3 |  4- 6 |  7- 9 | 10-12 | 13-15 | 16-18 || total
-------------------------+-------+-------+-------+-------+-------+-------++-------
Melee: Unarmed           |    37 |       |       |       |       |       ||    37
       Punch             |     1 |     1 |       |       |       |     1 ||     3
       Trident           |       |    58 |     6 |       |       |       ||    64
       Quarterstaff      |       |       |    73 |    14 |       |       ||    87
       Falchion          |       |       |       |     7 |    63 |    25 ||    95
Throw: Boomerang         |     4 |     1 |       |     1 |       |       ||     6
 Cast: Freeze            |    36 |     2 |     1 |     8 |     5 |       ||    52
       Frozen Ramparts   |     4 |     8 |    24 |    36 |     5 |       ||    77
       Ozocubu's Armour  |     3 |     3 |    12 |    20 |    10 |       ||    48
       Slow              |     1 |       |       |     1 |     2 |       ||     4
       Hailstorm         |       |     5 |    55 |    81 |    75 |     6 ||   222
       Static Discharge  |       |     3 |    38 |    34 |    42 |    15 ||   132
       Dazzling Flash    |       |       |     4 |     5 |     1 |     1 ||    11
       Call Canine Famil |       |       |     2 |    15 |     7 |       ||    24
       Freezing Cloud    |       |       |       |    47 |   141 |    15 ||   203
       Borgnjor's Vile C |       |       |       |       |   145 |    15 ||   160
       Conjure Ball Ligh |       |       |       |       |     5 |     3 ||     8
Invok: Curse Item        |       |       |       |     6 |     3 |       ||     9
       Shatter the Chain |       |       |       |       |     2 |     3 ||     5
  Use: Scroll            |       |       |    11 |     4 |     2 |     4 ||    21
       Potion            |       |       |       |       |     3 |       ||     3
 Stab: Sleeping          |     5 |     7 |     3 |     2 |       |     1 ||    18
       Distracted        |       |     1 |     1 |       |       |     1 ||     3
Armor: Robe              |    11 |    13 |    36 |    11 |    19 |     4 ||    94
Dodge: Dodged            |    44 |    29 |    85 |    75 |   121 |    32 ||   386
Block: Other             |     8 |       |       |       |       |       ||     8
